Map: Rifts to Korhal

Players

Alebay

  • Race: Protoss Protoss
  • Spawn Location: 7:00

MattBarry

  • Race: Protoss Protoss
  • Spawn Location: 7:00

VOD

Have the link to the VOD?

Description

Time

  • Played on: Jan. 3, 2023, 11:58 p.m.
  • Length: 17:09
Show
View Real Time Build Order
Export as new Build Order

Alebay Protoss 

Build Orders:  

Get SALT Encoding   

  12  0:02  Probe (Chrono Boost)  
  13  0:16  Probe (Chrono Boost)  
  14  0:30  Probe (Chrono Boost)  
  14  0:34  Pylon  
  15  0:48  Assimilator  
  15  0:58  Probe (Chrono Boost)  
  16  1:05  Gateway  
  16  1:12  Probe (Chrono Boost)  
  17  1:26  Probe (Chrono Boost)  
  18  1:32  Forge  
  18  1:40  Probe (Chrono Boost)  
  18  1:45  Pylon  
  19  1:54  Probe (Chrono Boost)  
  20  2:00  Assimilator  
  20  2:08  Probe (Chrono Boost)  
  21  2:21  Cybernetics Core  
  21  2:23  Probe (Chrono Boost)  
  22  2:35  Legionnaire  
  22  2:38  Probe (Chrono Boost)  
  26  2:55  Probe (Chrono Boost)  
  26  2:59  Legionnaire  
  30  3:22  Probe (Chrono Boost)  
  30  3:27  Protoss Ground Weapons Level 1  
  31  3:45  Pylon  
  31  3:55  Pylon  
  31  4:05  Legionnaire, Warp Gate  
  31  4:11  Gateway  
  31  4:13  Probe (Chrono Boost)  
  36  4:30  Probe (Chrono Boost)  
  38  5:10  Pylon  
  38  5:20  Twilight Council  
  38  5:29  Adept x2  
  42  6:03  Adept x2  
  43  6:20  Protoss Ground Armor Level 1  
  43  6:28  Adept x2  
  47  6:41  Charge  
  47  6:59  Adept x2  
  51  7:24  Adept, Psionic Projection  
  51  7:25  Adept  
  55  7:43  Pylon  
  55  7:49  Nexus  
  55  8:03  Pylon  
  55  8:06  Pylon  
  55  8:09  Pylon  
  56  8:10  Probe (Chrono Boost)  
  56  8:15  Assimilator  
  56  8:22  Assimilator  
  56  8:26  Adept x2  
  52  9:06  Protoss Ground Weapons Level 2  
  50  9:17  Probe (Chrono Boost)  
  50  9:19  Adept x2  
  41  9:34  Probe (Chrono Boost)  
  37  9:51  Probe (Chrono Boost)  
  37  9:55  Adept x2  
  41  10:08  Probe (Chrono Boost)  
  41  10:09  Probe (Chrono Boost)  
  43  10:22  Gateway  
  43  10:23  Probe (Chrono Boost)  
  43  10:25  Gateway, Probe (Chrono Boost)  
  43  10:28  Gateway  
  45  10:36  Probe (Chrono Boost)  
  47  10:42  Probe (Chrono Boost)  
  47  10:50  Probe (Chrono Boost)  
  47  10:53  Adept x2  
  47  10:58  Probe (Chrono Boost)  
  53  11:04  Probe (Chrono Boost)  
  54  11:15  Probe (Chrono Boost)  
  54  11:18  Probe (Chrono Boost)  
  56  11:32  Probe x2 (Chrono Boost)  
  56  11:37  Adept x3  
  64  11:46  Probe (Chrono Boost)  
  64  11:49  Probe (Chrono Boost)  
  64  11:52  Pylon  
  64  11:56  Pylon  
  64  11:59  Pylon  
  48  12:31  Protoss Ground Weapons Level 3  
  48  12:57  Robotics Facility  
  48  12:59  Probe (Chrono Boost)  
  48  13:01  Robotics Facility  
  48  13:02  Probe (Chrono Boost)  
  48  13:09  Legionnaire x3  
  59  13:10  Legionnaire x2  
  59  13:13  Probe (Chrono Boost)  
  59  13:19  Probe (Chrono Boost)  
  67  13:27  Probe (Chrono Boost)  
  68  13:36  Probe (Chrono Boost)  
  69  13:41  Adept x3  
  69  13:42  Adept x2  
  79  14:05  Robotics Bay  
  58  14:48  Legionnaire x5  
  69  15:05  Immortal x2  
  77  15:39  Adept x5  
  87  15:46  Immortal x2  
  87  16:00  Adept  
Show
View Real Time Build Order
Export as new Build Order

MattBarry Protoss 

Build Orders:  

Get SALT Encoding   

  12  0:03  Probe (Chrono Boost)  
  13  0:17  Probe (Chrono Boost)  
  14  0:31  Probe (Chrono Boost)  
  15  1:03  Pylon  
  15  1:08  Assimilator  
  15  1:27  Probe (Chrono Boost)  
  16  1:31  Forge  
  16  1:41  Probe (Chrono Boost)  
  16  1:43  Gateway  
  17  1:55  Probe (Chrono Boost)  
  18  2:09  Probe (Chrono Boost)  
  18  2:13  Assimilator  
  19  2:23  Probe (Chrono Boost)  
  19  2:29  Photon Cannon  
  20  2:37  Pylon, Probe (Chrono Boost)  
  21  2:48  Gateway  
  21  2:51  Probe (Chrono Boost)  
  21  3:14  Solar Efficiency Level 1  
  21  3:18  Probe (Chrono Boost)  
  22  3:32  Probe (Chrono Boost)  
  22  3:37  Shield Battery  
  23  3:44  Cybernetics Core  
  23  3:46  Probe (Chrono Boost)  
  24  4:02  Photon Cannon  
  24  4:05  Sentinel  
  26  4:10  Sentinel  
  26  4:18  Probe (Chrono Boost)  
  29  4:32  Probe (Chrono Boost)  
  29  4:38  Warp Gate  
  30  5:17  Pylon  
  30  5:24  Pylon  
  30  5:31  Pylon  
  30  5:37  Pylon  
  30  6:21  Photon Cannon  
  30  6:28  Energizer  
  32  6:52  Gateway  
  32  6:57  Gateway  
  32  7:03  Gateway  
  32  7:15  Nexus  
  32  7:33  Shield Battery  
  26  10:00  Twilight Council  
  26  10:02  Probe (Chrono Boost)  
  27  10:16  Probe x2 (Chrono Boost)  
  29  10:29  Probe (Chrono Boost)  
  29  10:30  Probe (Chrono Boost)  
  31  10:43  Probe (Chrono Boost)  
  31  10:44  Probe (Chrono Boost)  
  33  10:57  Probe x2 (Chrono Boost)  
  35  11:02  Robotics Facility  
  35  11:05  Assimilator  
  35  11:11  Probe x2 (Chrono Boost)  
  35  11:19  Sentinel  
  39  11:26  Sentinel  
  39  11:27  Sentinel  
  39  11:28  Sentinel x2  
  47  11:39  Probe (Chrono Boost)  
  48  11:56  Assimilator  
  48  12:13  Immortal  
  52  12:42  Probe (Chrono Boost)  
  53  12:54  Stargate  
  53  12:56  Probe (Chrono Boost)  
  53  12:57  Pylon  
  54  13:07  Immortal  
  54  13:08  Pylon  
  58  13:10  Probe (Chrono Boost)  
  58  13:11  Photon Cannon  
  59  13:24  Probe (Chrono Boost)  
  59  13:27  Robotics Bay  
  60  13:34  Probe (Chrono Boost)  
  60  13:35  Robotics Facility  
  60  13:38  Probe (Chrono Boost)  
  62  13:43  Pylon  
  62  13:48  Probe (Chrono Boost)  
  63  13:52  Probe (Chrono Boost)  
  63  13:53  Photon Cannon  
  64  14:02  Immortal, Probe (Chrono Boost)  
  64  14:04  Pylon  
  64  14:06  Probe (Chrono Boost)  
  64  14:09  Protoss Ground Weapons Level 1  
  70  14:16  Probe (Chrono Boost)  
  70  14:19  Probe (Chrono Boost)  
  64  15:31  Robotics Facility  
  64  15:33  Robotics Facility  
  64  15:35  Colossus  
  64  15:36  Robotics Facility  
  64  15:39  Observer  
  61  15:51  Immortal  
Tags
 
Commander
FenixKarax
Matchup
Co-op
Replay Pack
Multiplayer
Add a new tag
Caveats
  • Supply blocks, unpowered buildings, or Contaminate may cause inaccurate times.
  • Supply counts are checked every 10 seconds.